 Dungeon Crawl Stone Soup version 0.30-a0-469-g84de5afbc5 (webtiles) character file.

Game seed: 10295395637846847920

597 kae the Conjurer (level 7, -3/36 HPs)
             Began as a Tengu Fire Elementalist on Dec 19, 2022.
             Killed from afar by a steam dragon (22 damage)
             ... with a ball of steam
             ... on level 4 of the Dungeon.
             The game lasted 00:04:58 (5441 turns).

kae the Conjurer (Tengu Fire Elementalist)          Turns: 5441, Time: 00:04:59

Health: -3/36      AC:  3    Str:  8    XL:     7   Next: 40%
Magic:  14/14      EV: 19    Int: 17    God:
Gold:   122        SH:  0    Dex: 19    Spells: 5/15 levels left

rFire   . . .      SeeInvis .    u - +3 dagger (freeze)
rCold   . . .      Faith    .    (no shield)
rNeg    . . .      Spirit   .    a - +0 robe
rPois   +          Reflect  .    i - +0 hat of Baipraym {rElec rPois Dex+4}
rElec   +          Harm     .    m - +0 cloak
rCorr   .          Rampage  .    (no gloves)
Will    .....                    (boots unavailable)
Stlth   ++........               (no amulet)
HPRegen 0.26/turn                E - +4 ring of evasion
MPRegen 0.14/turn                (no ring)

@: about to teleport, flying quickly and evasively, quick
A: beak, talons 3, nimble flight
a: no special abilities


You were on level 4 of the Dungeon.
You visited 2 branches of the dungeon, and saw 5 of its levels.

You collected 122 gold pieces.


Innate Abilities, Weirdness & Mutations

You have a beak for a mouth.
You have claws for feet.
Your magical nature lets you fly swiftly and evasively.


   Skills:
 - Level 2.1 Dodging
 - Level 2.0 Stealth
 + Level 4.5 Spellcasting
 + Level 5.9 Conjurations
 + Level 5.8 Fire Magic


You had 5 spell levels left.
You knew the following spells:

 Your Spells              Type           Power      Damage    Failure   Level
a - Foxfire               Conj/Fire      92%        2x1d8     1%          1
b - Scorch                Fire           46%        2d7       1%          2
c - Inner Flame           Hex/Fire       13%        N/A       14%         3
d - Flame Wave            Conj/Fire      23%        2d8       13%         4

Your spell library contained the following spells:

 Spells                   Type           Power      Damage    Failure   Level
 Stone Arrow              Conj/Erth      26%        3d8       13%         3
 Sandblast                Erth           6%         2d5       16%         1
 Sting                    Tmut/Pois      12%        1d3       16%         1
 Kindle Blastsparks       Fire/Tloc/Air  20%        2d11      21%         3
 Passwall                 Tmut/Erth      2%         N/A       22%         2
 Animate Dead             Necr           3%         N/A       83%         4
 Haunt                    Necr/Summ      1%         N/A       100%        7
 Infestation              Necr           1%         N/A       100%        8

Inventory:

Hand Weapons
 f - a +0 vorpal dagger
   (You took it off a goblin on level 1 of the Dungeon)
 u - a +3 dagger of freezing (weapon)
   (You took it off Jessica on level 3 of the Dungeon)
Missiles
 b - 5 curare-tipped darts {=f}
 e - 40 stones
 v - 3 boomerangs
Armour
 a - a +0 robe (worn)
 i - the +0 hat of Baipraym (worn) {rElec rPois Dex+4}
   (You acquired it on level 4 of the Dungeon)

   Dex:       It affects your dexterity (+4).
   rElec:     It insulates you from electricity.
   rPois:     It protects you from poison.
 m - a +0 cloak (worn)
   (You found it on level 2 of the Dungeon)
Jewellery
 E - a +4 ring of evasion (left hand)
   (You took it off a hobgoblin on level 1 of the Dungeon)
 T - an amulet of faith {!P}
   (You found it on level 3 of the Dungeon)
Wands
 q - a wand of iceblast (12)
   (You found it on level 4 of the Dungeon)
Scrolls
 c - 2 scrolls of fear
 d - 4 scrolls of identify {@r1}
 g - a scroll of immolation {!r!r}
 k - a scroll of blinking {!r}
 o - 4 scrolls of brand weapon
 p - a scroll of fog {unknown}
Potions
 j - 3 potions of mutation {!q}
 l - 3 potions of heal wounds {@q2}
 n - a potion of degeneration {!q}
 r - a potion of cancellation {unknown}
 s - a potion of lignification {!q}
 t - a potion of brilliance

Dungeon Overview and Level Annotations

Branches:
Dungeon (4/15) Zot: 18871  Temple (1/1) D:4 Zot: 5894

Altars:
Ashenzari
Cheibriados
Dithmenos
Elyvilon
Gozag
Kikubaaqudgha
Makhleb
Nemelex Xobeh
Okawaru
Qazlal
Sif Muna
Trog
Uskayaw
Wu Jian
Xom
Yredelemnul
Zin
The Shining One

Annotations:
D:4 Dowan, Duvessa

#.####D.#..###
####.# #.....#.. #
.# #.###.##ยง### .#
#.....##.D.# #
####..####ยง# #..#
#.# #..# #ยง# .#
#..# #ยง# #.# #..#
#@####### #..
#..####.......# #.#
#....).######.# #.#
##.###.# ##.# #.#
#.# #.#####..###.#
#.###............##
#....######.###...##
####.# #.##.....####
#.# #...........#


There were no monsters in sight!


Message History

Found a basalt altar of Yredelemnul.
Found a white marble altar of Elyvilon.
Done exploring.
Done exploring.
Done exploring.
Done exploring.
Search for what [? for help]? veh Can't find anything matching that.
(D) Dungeon (T) Temple
Where to? (Enter - D:3 @ (x,y), ? - help)
There is a staircase back to the Dungeon here.
You fly upwards.
Welcome back to the Dungeon!
Level annotation: Dowan, Duvessa
There is a staircase to the Ecumenical Temple here.
You now have 114 gold pieces (gained 4).
A ball python comes into view.
A ball python is nearby!
A ball python is nearby!
A ball python is nearby!
Casting: Foxfire (safe; 1% risk of failure)
Confirm with . or Enter, or press ? or * to list all spells.
Flames lash the ball python.
You kill the ball python! ๐Ÿ˜Ž MP[-2]
You lost 2 mp, and now have 12/14 mp.
Casting: Scorch (safe; 1% risk of failure)
Confirm with . or Enter, or press ? or * to list all spells.
You can't see any susceptible monsters within range! (Use Z to cast anyway.)
r - a lumpy black potion ๐Ÿ˜Ž MP[+2]
Your mp is fully restored (14).
Casting: Scorch (safe; 1% risk of failure)
Confirm with . or Enter, or press ? or * to list all spells.
You can't see any susceptible monsters within range! (Use Z to cast anyway.)
d - 3 scrolls of identify {@r1} (gained 1)
d - 4 scrolls of identify {@r1} (gained 1)
Found a stone staircase leading down.
You see here a +0 chain mail of poison resistance.
You see here a +0 chain mail.
Found a stone staircase leading up.
e - 33 stones (gained 7)
There is a stone staircase leading up here.
e - 40 stones (gained 7)
You see here a +0 scale mail.
Found a stone staircase leading down.
An orc is nearby!
An orc is nearby!
Casting: Scorch (safe; 1% risk of failure)
Confirm with . or Enter, or press ? or * to list all spells.
Flames lash the orc.
The orc shouts!
The orc's fire resistance burns away.
The orc throws a boomerang.
The boomerang completely misses you. ๐Ÿ˜Ž MP[-2]
You lost 2 mp, and now have 12/14 mp.
Casting: Scorch (safe; 1% risk of failure)
Confirm with . or Enter, or press ? or * to list all spells.
Flames lash the orc but do no damage.
The orc throws a boomerang.
The boomerang hits you.
The orc is no longer more vulnerable to fire. ๐Ÿ˜• HP[-1] MP[-2]
You take 1 damage, and now have 35/36 hp.
You lost 2 mp, and now have 10/14 mp.
An orc is nearby!
Casting: Scorch (safe; 1% risk of failure)
Confirm with . or Enter, or press ? or * to list all spells.
Flames lash the orc.
You kill the orc! ๐Ÿ˜• MP[-2]
You lost 2 mp, and now have 8/14 mp.
v - 3 boomerangs
Things that are here:
a +0 club; a +0 ring mail You now have 122 gold pieces (gained 8).
A steam dragon is nearby!
A steam dragon is nearby! ๐Ÿ˜Ž HP[+1] MP[+6]
Your hp is fully restored (36).
Your mp is fully restored (14).
A steam dragon is nearby!
A steam dragon is nearby!
Press: ? - help, v - describe, . - travel
Here: a steam dragon (wandering, hasn't noticed you)
The floor.
Unknown command.
The steam dragon hisses angrily.
The steam dragon breathes steam at you. The ball of steam hits you!!
Ouch! That really hurt!
* * * LOW HITPOINT WARNING * * *
๐Ÿ˜จ HP[-18]
You take 18 damage, and now have 18/36 hp.
MASSIVE DAMAGE!! (PAUSE)
Okay, then. ๐Ÿ˜ฎ HP[+1]
As you read the scroll of teleportation {@r4}, it crumbles to dust.
You feel strangely unstable. The steam dragon breathes steam at you.
The ball of steam hits you!!
Ouch! That really hurt!
You die...

Skill      XL: |  1  2  3  4  5  6 |
---------------+-------------------+-----
Conjurations   | 2 3 4 5 |  5.9
Fire Magic     | 4 5 |  5.8
Spellcasting   | 3 4 |  4.5
Dodging        | |  2.1
Stealth        | |  2.0

Action                   |  1- 3 |  4- 6 |  7- 9 || total
-------------------------+-------+-------+-------++-------
Melee: Unarmed           |     6 |       |       ||     6
       Kick              |     1 |       |       ||     1
       Peck              |     1 |       |       ||     1
       Dagger            |       |       |     2 ||     2
 Cast: Foxfire           |    49 |    56 |    33 ||   138
       Scorch            |     5 |    31 |     9 ||    45
       Inner Flame       |       |     2 |       ||     2
  Use: Potion            |     1 |     1 |     1 ||     3
       Scroll            |     3 |       |    12 ||    15
Armor: Robe              |     3 |     2 |     2 ||     7
Dodge: Dodged            |    18 |    43 |    11 ||    72

Levels and vault maps discovered:
D:1:      eino_arrival_druids_welcome, layout_basic,
          chequers_serial_rivers_room_b
D:2:      layout_loops_ring, hellmonk_ecumenical_altar_heavens_door,
          minmay_small_reverse_x
D:3:      layout_loops_ring, nzn_overflow_gifts_of_might_and_magic, uniq_sigmund
D:4:      layout_loops_ring, minmay_temple_entry_grid, uniq_duvessa
Temple:   nicolae_temple_superstar

Notes
Turn   | Place    | Note
-------+----------+-------------------------------------------
     0 | D:1      | kae the Tengu Fire Elementalist began the quest for the
                  | Orb.
     0 | D:1      | Reached XP level 1. HP: 10/10 MP: 4/4
     0 | D:1      | magus.rc [v1.11.3]
    62 | D:1      | Reached XP level 2. HP: 13/15 MP: 1/6
   206 | D:1      | Reached skill level 2 in Conjurations
   278 | D:1      | HP: 3/15 [goblin/+0 club (4)]
   536 | D:1      | Learned a level 2 spell: Scorch
   667 | D:1      | Reached XP level 3. HP: 19/19 MP: 3/7
   671 | D:1      | Learned a level 3 spell: Inner Flame
  1160 | D:2      | Reached skill level 3 in Conjurations
  1160 | D:2      | Reached skill level 4 in Fire Magic
  1160 | D:2      | Reached XP level 4. HP: 24/24 MP: 3/9
  1220 | D:2      | You pick up a book of Geomancy and begin reading...
  1220 | D:2      | You add the spells Sandblast, Passwall and Stone Arrow to
                  | your library.
  1238 | D:2      | You pick up a book of Death and begin reading...
  1238 | D:2      | You add the spells Animate Dead, Haunt and Infestation to
                  | your library.
  1253 | D:2      | Found the +7 staff of the Meek {protect, meekguard}
  1411 | D:2      | Reached skill level 3 in Spellcasting
  1648 | D:2      | Found a faded altar of an unknown god.
  1966 | D:2      | HP: 6/24 [hobgoblin (3)]
  1973 | D:2      | HP: 5/24 [hobgoblin (2)]
  2173 | D:2      | HP: 5/24 [gnoll/+0 club (7)]
  2306 | D:1      | Gained mutation: Your magical nature lets you fly swiftly
                  | and evasively. [Tengu growth]
  2306 | D:1      | Reached XP level 5. HP: 16/28 MP: 3/10
  3061 | D:3      | Noticed Sigmund
  3130 | D:3      | Reached skill level 4 in Conjurations
  3483 | D:3      | Noticed Jessica
  3487 | D:3      | Killed Jessica
  3488 | D:3      | Reached XP level 6. HP: 32/32 MP: 6/12
  3512 | D:3      | Found a bloodstained altar of Trog.
  3533 | D:3      | Found a shimmering blue altar of Sif Muna.
  3537 | D:3      | Got Sif Muna's Handbook of Blight
  3689 | D:3      | Reached skill level 5 in Fire Magic
  3751 | D:2      | Learned a level 4 spell: Flame Wave
  3908 | D:3      | Killed Sigmund
  3909 | D:3      | Reached skill level 4 in Spellcasting
  3909 | D:3      | Reached skill level 5 in Conjurations
  3909 | D:3      | Reached XP level 7. HP: 32/36 MP: 5/14
  4396 | D:4      | Identified a scroll of acquirement
  4396 | D:4      | Acquired the +0 hat of Baipraym {rElec rPois Dex+4}
  4452 | D:4      | Noticed Dowan
  4457 | D:4      | Noticed Duvessa
  4589 | D:4      | Noticed a steam dragon
  4973 | D:4      | Found a staircase to the Ecumenical Temple.
  5051 | Temple   | Entered the Ecumenical Temple
  5441 | D:4      | Killed from afar by a steam dragon

Vanquished Creatures
  Sigmund (D:3)
  An ogre (D:4)
  A scorpion (D:3)
  A jelly (D:2)
  Jessica (D:3)
  An orc wizard (D:4)
  8 gnolls
  6 adders
  3 dart slugs
  4 orcs
  12 ball pythons
  6 endoplasms
  A giant cockroach (D:2)
  7 goblins
  6 hobgoblins
  4 jackals
  3 quokkas
  4 bats
  5 kobolds
  7 rats
82 creatures vanquished.

Vanquished Creatures (others)
  218 foxfires
218 creatures vanquished.

Grand Total: 300 creatures vanquished

Table legend:
 A = Non-vault XP
 B = Vault XP
 C = Vault XP percentage of total XP
 D = Non-vault monster count
 E = Vault monster count
 F = Vault count percentage of total count
                 A         B        C        D         E       F
            +---------+---------+-------+---------+---------+-------
      Total |     571 |     283 |  33.1 |      75 |       7 |   8.5
            +---------+---------+-------+---------+---------+-------
        D:1 |      85 |       2 |   2.3 |      27 |       1 |   3.6
        D:2 |     111 |       4 |   3.5 |      12 |       3 |  20.0
        D:3 |     195 |     277 |  58.7 |      26 |       3 |  10.3
        D:4 |     180 |       0 |   0.0 |      10 |       0 |   0.0
            +---------+---------+-------+---------+---------+-------

Illustrated notes

Table legend:
 A = Kills in this place as a percentage of kills in entire the game.
 B = Kills by you in this place as a percentage of kills by you in the entire game.
 C = Kills by friends in this place as a percentage of kills by friends in the entire game.
 D = Other kills in this place as a percentage of other kills in the entire game.
 E = Experience gained in this place as a percentage of experience gained in the entire game.
 F = Experience gained in this place divided by the number of levels of this place that you have seen.
                   A       B       C       D       E      F
               +-------+-------+-------+-------+-------+----------------------
         Total | 100.0 | 100.0 |   N/A |   N/A | 100.0 | 170.8
       Dungeon | 100.0 | 100.0 |   N/A |   N/A | 100.0 | 213.5
               +-------+-------+-------+-------+-------+----------------------

Table legend: (Time is in decaauts)
 A = Elapsed time spent in this place.
 B = Non-inter-level travel time spent in this place.
 C = Inter-level travel time spent in this place.
 D = Time resting spent in this place.
 E = Time spent auto-exploring this place.
 F = Levels seen in this place.
 G = Mean time per level.
                   A        B        C        D        E       F      G
               +--------+--------+--------+--------+--------+-----+--------+
         Total |   5233 |   4958 |    275 |    650 |   3480 |   5 | 1046.6 |
       Dungeon |   5128 |   4864 |    264 |    650 |   3400 |   4 | 1282.0 |
        Temple |    105 |     94 |     11 |      0 |     79 |   1 |  105.0 |
               +--------+--------+--------+--------+--------+-----+--------+

Top non-repeatable levels by time:
     D:2: 1505 daAuts
     D:1: 1428 daAuts
     D:3: 1333 daAuts
     D:4: 860 daAuts
  Temple: 105 daAuts
